 Dungeon Crawl Stone Soup version 0.30-a0-596-g0af90f9a20 (webtiles) character file.

Game seed: 2035169873616410437

11 Newt the Shooter (level 2, 0/18 HPs)
             Began as a Kobold Hunter on Jan 6, 2023.
             Slain by a kobold
             ... wielding a +1 dagger of electrocution
              (18 damage)
             ... on level 1 of the Dungeon.
             The game lasted 00:00:22 (387 turns).

Newt the Shooter (Kobold Hunter)                     Turns: 387, Time: 00:00:22

Health: 0/18       AC:  3    Str:  8    XL:     2   Next: 35%
Magic:  2/2        EV: 14    Int: 10    God:
Gold:   36         SH:  0    Dex: 18    Spells: 1/1 levels left

rFire   . . .      SeeInvis +    a - +0 shortbow
rCold   . . .      Faith    .    (shield currently unavailable)
rNeg    . . .      Spirit   .    c - +0 leather armour
rPois   .          Reflect  .    (no helmet)
rElec   .          Harm     .    (no cloak)
rCorr   .          Rampage  .    (no gloves)
Will    .....                    (no boots)
Stlth   +++                      (no amulet)
HPRegen 0.23/turn                e - ring of see invisible
MPRegen 0.08/turn                (no ring)

@: no status effects
A: small, no large weapons, nightstalker 3
a: no special abilities


You were on level 1 of the Dungeon.
You visited 1 branch of the dungeon, and saw 1 of its levels.

You collected 36 gold pieces.

Inventory:

Hand Weapons
 a - a +0 shortbow (weapon)
Armour
 c - a +0 leather armour (worn)
Jewellery
 e - a ring of see invisible (left hand)
 h - a ring of willpower
Scrolls
 b - a scroll of immolation
 d - a scroll of fear {unknown}
 g - a scroll of blinking {unknown}
Potions
 f - a potion of degeneration {unknown}


   Skills:
 + Level 2.4 Fighting
 - Level 5.3 Ranged Weapons
 - Level 2.4 Dodging
 - Level 3.0 Stealth


You had one spell level left.
You didn't know any spells.
Your spell library was empty.

Dungeon Overview and Level Annotations

Branches:
Dungeon (1/15)

Altars:


Innate Abilities, Weirdness & Mutations

You are small and have problems with some larger weapons.
You are completely attuned to the shadows.


Message History

No target in view!
No target in view!
No target in view!
No target in view!
No target in view!
g - a scroll labelled NIF WOULAUGOG You see here 6 stones.
h - a ring of willpower No target in view!
Found 5 stones.
You see here 5 stones.
You see here 5 stones.
You now have 36 gold pieces (gained 5).
There is an empty arch of ancient stone here.
There is an empty arch of ancient stone here.
There is an empty arch of ancient stone here.
You open the door.
There is an open door here.
A kobold comes into view. It is wielding a +0 dagger.
A kobold is nearby!
You shoot an arrow.
The arrow hits the kobold but does no damage.
The kobold shouts!
You hear a shout!
You shoot an arrow. The arrow hits the kobold.
You kill the kobold!
No target in view!
No target in view!
No target in view!
No target in view!
No target in view!
No target in view!
A kobold comes into view.
It is wielding a +1 dagger of electrocution.
A kobold is nearby!
You shoot an arrow. The arrow barely misses the kobold.
The kobold shouts!
You shoot an arrow.
The arrow hits the kobold but does no damage.
The kobold hits you but does no damage.
You are electrocuted!!
Ouch! That really hurt!
You die...

#.. ####.. ....# #)K#####
..#.@#.... #.#......#
#.#..#.#.. ##.##.#.###########
##+#................)#
#......#.#....######.#
#......#.####.# #.# ######
#......#.#...(######.##
#♣.♣♣.###......#.#.#..#.......#


You could see a kobold.

Vanquished Creatures
  A ball python (D:1)
  A giant cockroach (D:1)
  2 goblins (D:1)
  A bat (D:1)
  A frilled lizard (D:1)
  3 kobolds (D:1)
  2 rats (D:1)
11 creatures vanquished.

Notes
Turn   | Place    | Note
-------+----------+-------------------------------------------
     0 | D:1      | Newt the Kobold Hunter began the quest for the Orb.
     0 | D:1      | Reached XP level 1. HP: 12/12 MP: 1/1
   183 | D:1      | Reached XP level 2. HP: 17/17 MP: 2/2
   387 | D:1      | Slain by a kobold

Illustrated notes

Levels and vault maps discovered:
D:1:      heliophobic_arrival_enchanted_forest, layout_basic

Skill      XL: |  1  2 |
---------------+-------+-----
Stealth        | 2 3 |  3.0
Fighting       | |  2.4
Ranged Weapons | |  5.3
Dodging        | |  2.4

Action                   || total
-------------------------++-------
 Fire: Shortbow          ||    27
Armor: Leather armour    ||     6
Dodge: Dodged            ||    10

Table legend: (Time is in decaauts)
 A = Elapsed time spent in this place.
 B = Non-inter-level travel time spent in this place.
 C = Inter-level travel time spent in this place.
 D = Time resting spent in this place.
 E = Time spent auto-exploring this place.
 F = Levels seen in this place.
 G = Mean time per level.
                   A        B        C        D        E       F      G
               +--------+--------+--------+--------+--------+-----+--------+
         Total |    393 |    393 |      0 |      0 |    337 |   1 |  393.0 |
       Dungeon |    393 |    393 |      0 |      0 |    337 |   1 |  393.0 |
               +--------+--------+--------+--------+--------+-----+--------+

Top non-repeatable levels by time:
     D:1: 393 daAuts
